Stars vs Kings
Created - April 25, 2018 at 20:41
Goals
|
| Stars |
2 |
1 |
1 |
4 |
| Kings |
1 |
1 |
0 |
2 |
|
Shots
|
| Stars |
13 |
16 |
6 |
35 |
| Kings |
11 |
15 |
7 |
33 |
|
1st period
1. Stars , Jussi Jokinen 29 (John Tavares 58) at 9:09 (PP)
2. Kings , Michael Haley 2 (Tom Pyatt 1, Cam Janssen 7) at 10:48
3. Stars , John Tavares 43 (Scott Hartnell 34, Nathan Paetsch 13) at 16:13
Penalties :
Radko Gudas (LAK) for Tripping (Minor) at 8:42, Evgeny Artyukhin (Dal) for Holding (Minor) at 12:03
2nd period
4. Kings , Cam Janssen 5 (Hampus Lindholm 2, Riley Cote 5) at 10:24
5. Stars , Michael Grabner 16 (Trevor Daley 17, Drew Fata 11) at 18:42
Penalties :
Johnny Gaudreau (LAK) for Roughing (Minor) at 5:45, Patric Hornqvist (LAK) for Hooking (Minor) at 18:57
3rd period
6. Stars , Johnny Oduya 6 (Michael Grabner 23, Pascal Leclaire) at 0:35 (PP)
Penalties :
Nathan Paetsch (Dal) for Hooking (Minor) at 9:21
Goalie Stats
Pascal Leclaire (Dal), 31 saves from 33 shots - (0.939), W, 33-25-3, 60:00 minutes
Frederik Andersen (LAK), 31 saves from 35 shots - (0.886), L, 20-27-3, 60:00 minutes
Players Stats for Stars
Player Name G A P +/- PIM S H SB GA TA FO MP PP MP PK MP
------------------------------------------------------------------------------------
Boris Valabik 0 0 0 1 0 0 3 0 0 1 0/0 15:28 0:00 0:22
Brian Lee 0 0 0 0 0 2 1 3 2 1 0/0 26:39 3:03 2:06
Daniel Cleary 0 0 0 0 0 1 0 0 0 1 0/0 11:56 0:00 0:00
Drew Fata 0 1 1 -1 0 1 2 2 0 0 0/0 17:32 0:00 2:14
Dustin Penner 0 0 0 -1 0 0 4 0 1 0 0/0 10:29 0:00 1:26
Evgeny Artyukhin 0 0 0 0 2 0 1 0 1 0 0/0 14:21 1:21 0:25
Evgeny Grachev 0 0 0 -1 0 2 0 0 0 1 2/5 9:42 0:00 0:56
Greg Campbell 0 0 0 0 0 0 2 0 0 0 4/9 13:54 0:00 1:57
Jamie Langenbrunner 0 0 0 -1 0 1 0 0 0 0 0/0 8:46 0:00 0:00
John Tavares 1 1 2 1 0 8 1 0 0 0 19/34 21:45 2:43 0:40
Johnny Oduya 1 0 1 0 0 2 0 2 1 2 0/0 25:17 3:03 0:40
Jussi Jokinen 1 0 1 0 0 3 3 0 0 1 0/0 16:11 2:43 0:35
Matt Cooke 0 0 0 0 0 0 1 0 2 0 1/1 12:13 0:00 0:00
Michael Grabner 1 1 2 1 0 4 0 1 0 0 1/2 21:05 2:43 0:00
Nathan Paetsch 0 1 1 1 2 1 1 0 0 1 0/0 16:57 1:01 0:50
Scott Hartnell 0 1 1 1 0 4 1 0 0 1 0/0 21:41 1:21 1:57
Trevor Daley 0 1 1 -1 0 4 0 1 0 1 0/0 18:07 1:01 1:44
Tyler Seguin 0 0 0 0 0 2 1 2 1 0 7/11 13:57 1:21 0:00
Players Stats for Kings
Player Name G A P +/- PIM S H SB GA TA FO MP PP MP PK MP
------------------------------------------------------------------------------------
Anze Kopitar 0 0 0 -1 0 6 1 3 0 0 14/34 22:40 2:01 2:54
Cam Janssen 1 1 2 2 0 2 0 0 0 0 0/0 9:29 0:00 0:33
Dave Tanabe 0 0 0 1 0 2 3 1 0 1 0/0 18:01 0:00 1:04
Drew Doughty 0 0 0 -2 0 3 2 7 3 0 0/0 28:02 2:18 3:00
Hampus Lindholm 0 1 1 1 0 1 0 1 0 1 0/0 13:57 1:40 0:00
Johnny Gaudreau 0 0 0 -1 2 1 1 0 0 0 1/1 19:50 2:01 0:04
Michael Frolik 0 0 0 0 0 1 1 0 4 0 0/1 15:48 1:57 0:45
Michael Haley 1 0 1 2 0 1 2 0 0 1 0/0 8:21 0:00 0:00
Michal Handzus 0 0 0 -1 0 1 0 0 0 1 4/8 12:42 0:00 0:03
Patric Hornqvist 0 0 0 -1 2 4 1 0 2 1 0/0 19:45 2:01 0:00
Patrick Eaves 0 0 0 -1 0 4 0 0 1 1 0/0 12:31 0:00 0:00
Radko Gudas 0 0 0 1 2 0 1 1 0 0 0/0 11:23 0:00 0:00
Raphael Diaz 0 0 0 1 0 2 0 0 0 1 0/0 20:34 1:40 1:04
Riley Cote 0 1 1 0 0 1 3 0 0 0 0/0 15:31 1:57 0:08
Scott Gomez 0 0 0 0 0 1 0 0 0 0 7/14 15:48 1:57 0:45
Simon Gagné 0 0 0 -1 0 1 2 3 0 0 0/0 15:08 0:00 2:56
Steve Montador 0 0 0 -2 0 1 3 4 0 1 0/0 28:02 2:18 3:00
Tom Pyatt 0 1 1 2 0 1 1 0 0 0 2/4 8:21 0:00 0:00
3 Stars
1 - John Tavares (Dal)
2 - Michael Grabner (Dal)
3 - Cam Janssen (LAK)
Power Play
Stars - 2 on 3 Attempt(s) - 66.67%
Kings - 0 on 2 Attempt(s) - 0.00%
Penalty Kill
Stars - 2 on 2 Attempt(s) - 100.00%
- Score 0 goal in Penalty Kill
Kings - 1 on 3 Attempt(s) - 33.33%
- Score 0 goal in Penalty Kill
Team Stat
Stars - Hits : 21 - Faceoff Wins : 34 - Blocked Shots : 11 - Penalty Minutes : 4
Kings - Hits : 21 - Faceoff Wins : 28 - Blocked Shots : 20 - Penalty Minutes : 6
Official
Referees : McCreary Bill and Ciamaga Chris
Linesman : Don Henderson and Steve Barton
Game Notes
6:02 of 2nd period - Stars goal is going for a video replay. After video review, No Goal. The goalkeeper has been pushed into the net together with the puck after making a save.
Finance
Level 1 -- Attendance: 5230 (87.17%) -- Ticket Income $470,700
Level 2 -- Attendance: 3622 (72.44%) -- Ticket Income $235,430
Level 3 -- Attendance: 1396 (69.80%) -- Ticket Income $55,840
Level 4 -- Attendance: 2998 (74.95%) -- Ticket Income $89,940
Luxury Box -- Attendance: 935 (93.50%) -- Ticket Income $135,575
Game was played at the Staples Center.
Total Attendance: 14181 (78.78%)
Total Ticket Income: $987,485
Other Income: $148,123
Total Income: $1,135,608
Stars
5 vs 5 Forward
Center Left Wing Right Wing Time % Phy DF OF
1 John Tavares Scott Hartnell Michael Grabner 39 0 2 3
2 Tyler Seguin Jussi Jokinen Evgeny Artyukhin 27 0 2 3
3 Greg Campbell Matt Cooke Daniel Cleary 20 1 2 2
4 Evgeny Grachev Dustin Penner Jamie Langenbrunner 14 1 2 2
5 vs 5 Defense
Defense Defense Time % Phy DF OF
1 Johnny Oduya Brian Lee 40 1 2 2
2 Trevor Daley Drew Fata 30 1 2 2
3 Boris Valabik Nathan Paetsch 30 1 2 2
4 Johnny Oduya Brian Lee 0 1 2 2
PowerPlay Forward
Center Left Wing Right Wing Time % Phy DF OF
1 John Tavares Jussi Jokinen Michael Grabner 60 0 1 4
2 Tyler Seguin Scott Hartnell Evgeny Artyukhin 40 0 1 4
PowerPlay Defense
Defense Defense Time % Phy DF OF
1 Johnny Oduya Brian Lee 60 0 2 3
2 Trevor Daley Nathan Paetsch 40 0 2 3
Penalty Kill 4 Players Forward
Center Wing Time % Phy DF OF
1 Greg Campbell Scott Hartnell 60 1 3 1
2 Evgeny Grachev Dustin Penner 40 1 3 1
Penalty Kill 4 Players Defense
Defense Defense Time % Phy DF OF
1 Brian Lee Drew Fata 60 0 3 2
2 Trevor Daley Nathan Paetsch 40 0 3 2
Penalty Kill - 3 Players Forward
Forward Time % Phy DF OF
1 Scott Hartnell 60 1 4 0
2 Greg Campbell 40 1 4 0
Penalty Kill - 3 Players Defense
Defense Defense Time % Phy DF OF
1 Johnny Oduya Brian Lee 60 1 4 0
2 Trevor Daley Nathan Paetsch 40 1 4 0
4 vs 4 Forward
Center Wing Time % Phy DF OF
1 Trevor Daley Scott Hartnell 60 1 2 2
2 Greg Campbell Matt Cooke 40 1 2 2
4 vs 4 Defense
Defense Defense Time % Phy DF OF
1 Johnny Oduya Brian Lee 60 1 2 2
2 Trevor Daley Drew Fata 40 1 2 2
Last Minutes Offensive
Center Left Wing Right Wing Defense Defense
John Tavares Scott Hartnell Evgeny Artyukhin Trevor Daley Brian Lee
Last Minutes Defensive
Center Left Wing Right Wing Defense Defense
Greg Campbell Scott Hartnell Daniel Cleary Johnny Oduya Drew Fata
Goaltenders
Starting : Pascal Leclaire
Backup : Mike Brodeur
Extra Forwards
Normal : Matt Cooke, Dustin Penner, Jussi Jokinen - PP : Evgeny Artyukhin, Dustin Penner - PK : Evgeny Artyukhin
Extra Defensemen
Normal : Trevor Daley, Drew Fata, Brian Lee - PP : Drew Fata - PK : Johnny Oduya, Trevor Daley
Penalty Shots
John Tavares, Michael Grabner, Tyler Seguin, Greg Campbell, Evgeny Artyukhin
Scratches
Andrei Markov (Healthy)
Kings
5 vs 5 Forward
Center Left Wing Right Wing Time % Phy DF OF
1 Anze Kopitar Johnny Gaudreau Patric Hornqvist 40 1 2 2
2 Scott Gomez Riley Cote Michael Frolik 30 1 2 2
3 Michal Handzus Simon Gagné Patrick Eaves 20 1 2 2
4 Tom Pyatt Michael Haley Cam Janssen 10 1 2 2
5 vs 5 Defense
Defense Defense Time % Phy DF OF
1 Drew Doughty Steve Montador 40 1 2 2
2 Dave Tanabe Raphael Diaz 30 1 2 2
3 Radko Gudas Hampus Lindholm 20 1 2 2
4 Drew Doughty Steve Montador 10 1 2 2
PowerPlay Forward
Center Left Wing Right Wing Time % Phy DF OF
1 Anze Kopitar Johnny Gaudreau Patric Hornqvist 60 1 2 2
2 Scott Gomez Riley Cote Michael Frolik 40 1 2 2
PowerPlay Defense
Defense Defense Time % Phy DF OF
1 Drew Doughty Steve Montador 60 1 2 2
2 Hampus Lindholm Raphael Diaz 40 1 2 2
Penalty Kill 4 Players Forward
Center Wing Time % Phy DF OF
1 Anze Kopitar Simon Gagné 60 1 2 2
2 Michael Frolik Scott Gomez 40 1 2 2
Penalty Kill 4 Players Defense
Defense Defense Time % Phy DF OF
1 Drew Doughty Steve Montador 60 1 2 2
2 Dave Tanabe Raphael Diaz 40 1 2 2
Penalty Kill - 3 Players Forward
Forward Time % Phy DF OF
1 Anze Kopitar 60 1 2 2
2 Patric Hornqvist 40 1 2 2
Penalty Kill - 3 Players Defense
Defense Defense Time % Phy DF OF
1 Drew Doughty Steve Montador 60 1 2 2
2 Dave Tanabe Raphael Diaz 40 1 2 2
4 vs 4 Forward
Center Wing Time % Phy DF OF
1 Anze Kopitar Patric Hornqvist 60 1 2 2
2 Michael Frolik Scott Gomez 40 1 2 2
4 vs 4 Defense
Defense Defense Time % Phy DF OF
1 Drew Doughty Steve Montador 60 1 2 2
2 Dave Tanabe Raphael Diaz 40 1 2 2
Last Minutes Offensive
Center Left Wing Right Wing Defense Defense
Anze Kopitar Johnny Gaudreau Patric Hornqvist Drew Doughty Hampus Lindholm
Last Minutes Defensive
Center Left Wing Right Wing Defense Defense
Anze Kopitar Simon Gagné Patric Hornqvist Drew Doughty Steve Montador
Goaltenders
Starting : Frederik Andersen
Backup : Dan Ellis
Extra Forwards
Normal : Michal Handzus, Patrick Eaves, Cam Janssen - PP : Michal Handzus, Patrick Eaves - PK : Cam Janssen
Extra Defensemen
Normal : Radko Gudas, Hampus Lindholm, Dave Tanabe - PP : Radko Gudas - PK : Hampus Lindholm, Dave Tanabe
Penalty Shots
Anze Kopitar, Patric Hornqvist, Michael Frolik, Scott Gomez, Simon Gagné
Scratches
Rostislav Olesz (Healthy)
% Time on Ice - Stars
Lines # - Real PCT - Wanted PCT - Time Play
Normal Forward
1 - 36% - 39% - 18:40
2 - 24% - 27% - 12:36
3 - 23% - 20% - 11:56
4 - 17% - 14% - 8:46
Normal Defense
1 - 41% - 40% - 21:30
2 - 30% - 30% - 15:22
3 - 29% - 30% - 15:06
4 - 0% - 0% - 0:00
PP Forward
1 - 67% - 60% - 2:43
2 - 33% - 40% - 1:21
PP Defense
1 - 75% - 60% - 3:03
2 - 25% - 40% - 1:01
PK Forward
1 - 76% - 60% - 3:02
2 - 24% - 40% - 0:56
PK Defense
1 - 53% - 60% - 2:06
2 - 47% - 40% - 1:52
PK3 Forward
1 - 0% - 60%
2 - 0% - 40%
PK3 Defense
1 - 0% - 60%
2 - 0% - 40%
44 Forward
1 - 0% - 60%
2 - 0% - 40%
44 Defense
1 - 0% - 60%
2 - 0% - 40%
Last Minute Offensive - 0:00
Last Minute Defensive - 0:00
Total
Forward - 60:00
Defense - 60:00
|
% Time on Ice - Kings
Lines # - Real PCT - Wanted PCT - Time Play
Normal Forward
1 - 35% - 40% - 18:20
2 - 25% - 30% - 13:06
3 - 23% - 20% - 12:11
4 - 16% - 10% - 8:21
Normal Defense
1 - 39% - 40% - 20:12
2 - 34% - 30% - 17:50
3 - 22% - 20% - 11:24
4 - 5% - 10% - 2:32
PP Forward
1 - 51% - 60% - 2:01
2 - 49% - 40% - 1:57
PP Defense
1 - 58% - 60% - 2:18
2 - 42% - 40% - 1:40
PK Forward
1 - 82% - 60% - 3:19
2 - 18% - 40% - 0:45
PK Defense
1 - 74% - 60% - 3:00
2 - 26% - 40% - 1:04
PK3 Forward
1 - 0% - 60%
2 - 0% - 40%
PK3 Defense
1 - 0% - 60%
2 - 0% - 40%
44 Forward
1 - 0% - 60%
2 - 0% - 40%
44 Defense
1 - 0% - 60%
2 - 0% - 40%
Last Minute Offensive - 0:00
Last Minute Defensive - 0:00
Total
Forward - 60:00
Defense - 60:00
|
Play by Play
1st period
0:01 of 1st period - Anze Kopitar wins face-off versus Michael Grabner in neutral zone.
0:08 of 1st period - Slapshot by Drew Doughty.
0:08 of 1st period - Shot Blocked by Brian Lee.
0:53 of 1st period - Wrist shot by Simon Gagné.
0:53 of 1st period - Shot Misses the Net.
0:55 of 1st period - Slapshot by Dave Tanabe.
0:55 of 1st period - Stopped by Pascal Leclaire without a rebound.
0:56 of 1st period - Tom Pyatt wins face-off versus Evgeny Grachev in Stars zone.
0:59 of 1st period - Wrist shot by Cam Janssen.
0:59 of 1st period - Shot Misses the Net.
1:18 of 1st period - Icing by Drew Fata.
1:19 of 1st period - Anze Kopitar wins face-off versus Evgeny Grachev in Stars zone.
1:26 of 1st period - Wrist shot by Anze Kopitar.
1:26 of 1st period - Stopped by Pascal Leclaire without a rebound.
1:27 of 1st period - Anze Kopitar wins face-off versus John Tavares in Stars zone.
1:46 of 1st period - Wrist shot by Anze Kopitar.
1:46 of 1st period - Stopped by Pascal Leclaire with a rebound.
2:14 of 1st period - Wrist shot by Patric Hornqvist.
2:14 of 1st period - Shot Misses the Net.
2:20 of 1st period - Slapshot by Johnny Gaudreau.
2:20 of 1st period - Stopped by Pascal Leclaire without a rebound.
2:21 of 1st period - Matt Cooke wins face-off versus Scott Gomez in Stars zone.
2:46 of 1st period - Steve Montador is hit by Dustin Penner and loses puck.
2:53 of 1st period - Snap shot by Michael Frolik.
2:53 of 1st period - Shot Blocked by Drew Fata.
2:55 of 1st period - Wrist shot by Riley Cote.
2:55 of 1st period - Stopped by Pascal Leclaire without a rebound.
2:56 of 1st period - Tyler Seguin wins face-off versus Michal Handzus in Stars zone.
3:34 of 1st period - Greg Campbell is hit by Michael Haley and loses puck.
3:47 of 1st period - John Tavares is hit by Steve Montador and loses puck.
4:06 of 1st period - Boris Valabik is hit by Riley Cote.
5:49 of 1st period - Snap shot by Patrick Eaves.
5:49 of 1st period - Shot Blocked by Johnny Oduya.
5:51 of 1st period - Wrist shot by Patrick Eaves.
5:51 of 1st period - Shot Misses the Net.
6:59 of 1st period - Snap shot by Evgeny Grachev.
6:59 of 1st period - Stopped by Frederik Andersen without a rebound.
7:00 of 1st period - Scott Gomez wins face-off versus Tyler Seguin in Kings zone.
7:09 of 1st period - Snap shot by Scott Gomez.
7:09 of 1st period - Shot Misses the Net.
8:42 of 1st period - Minor Penalty to Radko Gudas for Tripping.
8:43 of 1st period - John Tavares wins face-off versus Anze Kopitar in Kings zone.
8:51 of 1st period - Snap shot by Jussi Jokinen.
8:51 of 1st period - Stopped by Frederik Andersen without a rebound.
8:52 of 1st period - John Tavares wins face-off versus Anze Kopitar in Kings zone.
8:55 of 1st period - Wrist shot by John Tavares.
8:55 of 1st period - Stopped by Frederik Andersen with a rebound.
8:57 of 1st period - Slapshot by Johnny Oduya.
8:57 of 1st period - Deflect By Simon Gagné.
8:57 of 1st period - Stopped by Frederik Andersen without a rebound.
8:58 of 1st period - John Tavares wins face-off versus Anze Kopitar in Kings zone.
9:09 of 1st period - Slapshot by Jussi Jokinen.
9:09 of 1st period - Deflect By Drew Doughty.
9:09 of 1st period - Goal by Jussi Jokinen - Stars : 1 - Kings : 0.
9:10 of 1st period - Johnny Gaudreau wins face-off versus John Tavares in neutral zone.
9:12 of 1st period - Off-side.
9:13 of 1st period - John Tavares wins face-off versus Anze Kopitar in neutral zone.
10:22 of 1st period - Wrist shot by Cam Janssen.
10:22 of 1st period - Stopped by Pascal Leclaire without a rebound.
10:23 of 1st period - Tom Pyatt wins face-off versus Evgeny Grachev in Stars zone.
10:46 of 1st period - Wrist shot by Michael Haley.
10:46 of 1st period - Shot Blocked by Drew Fata.
10:48 of 1st period - Wrist shot by Michael Haley.
10:48 of 1st period - Goal by Michael Haley - Stars : 1 - Kings : 1.
10:49 of 1st period - Anze Kopitar wins face-off versus John Tavares in neutral zone.
10:55 of 1st period - Icing by John Tavares.
10:56 of 1st period - Anze Kopitar wins face-off versus John Tavares in Stars zone.
11:01 of 1st period - Wrist shot by Anze Kopitar.
11:01 of 1st period - Stopped by Pascal Leclaire without a rebound.
11:02 of 1st period - John Tavares wins face-off versus Anze Kopitar in Stars zone.
11:28 of 1st period - Johnny Oduya is hit by Drew Doughty.
11:32 of 1st period - Snap shot by Tyler Seguin.
11:32 of 1st period - Shot Blocked by Drew Doughty.
11:34 of 1st period - Slapshot by Trevor Daley.
11:34 of 1st period - Stopped by Frederik Andersen with a rebound.
11:36 of 1st period - Snap shot by Drew Fata.
11:36 of 1st period - Deflect By Jussi Jokinen.
11:36 of 1st period - Shot Misses the Net.
11:36 of 1st period - Puck is out of play.
11:37 of 1st period - Scott Gomez wins face-off versus John Tavares in Kings zone.
11:40 of 1st period - Snap shot by John Tavares.
11:40 of 1st period - Deflect By Michael Frolik.
11:40 of 1st period - Stopped by Frederik Andersen with a rebound.
12:03 of 1st period - Minor Penalty to Evgeny Artyukhin for Holding.
12:04 of 1st period - Greg Campbell wins face-off versus Anze Kopitar in Stars zone.
13:40 of 1st period - Johnny Gaudreau is hit by Dustin Penner and loses puck.
14:03 of 1st period - Penalty to Evgeny Artyukhin is over, Evgeny Artyukhin is back on ice.
14:20 of 1st period - Icing by Simon Gagné.
14:21 of 1st period - Michal Handzus wins face-off versus Greg Campbell in Kings zone.
14:21 of 1st period - Michal Handzus is hit by Nathan Paetsch.
14:27 of 1st period - Daniel Cleary is hit by Michael Haley and loses puck.
14:42 of 1st period - Snap shot by Patrick Eaves.
14:42 of 1st period - Stopped by Pascal Leclaire without a rebound.
14:43 of 1st period - John Tavares wins face-off versus Michal Handzus in Stars zone.
15:02 of 1st period - Snap shot by John Tavares.
15:02 of 1st period - Shot Misses the Net.
15:04 of 1st period - Snap shot by Scott Hartnell.
15:04 of 1st period - Shot Misses the Net.
15:06 of 1st period - Wrist shot by Michael Grabner.
15:06 of 1st period - Stopped by Frederik Andersen with a rebound.
15:08 of 1st period - Slapshot by John Tavares.
15:08 of 1st period - Shot Misses the Net.
15:10 of 1st period - Slapshot by Trevor Daley.
15:10 of 1st period - Shot Blocked by Steve Montador.
15:12 of 1st period - Slapshot by Trevor Daley.
15:12 of 1st period - Shot Blocked by Drew Doughty.
15:14 of 1st period - Wrist shot by Michael Grabner.
15:14 of 1st period - Stopped by Frederik Andersen with a rebound.
15:51 of 1st period - Snap shot by Patrick Eaves.
15:51 of 1st period - Shot Misses the Net.
16:01 of 1st period - Slapshot by Scott Hartnell.
16:01 of 1st period - Shot Blocked by Simon Gagné.
16:03 of 1st period - Wrist shot by Scott Hartnell.
16:03 of 1st period - Stopped by Frederik Andersen with a rebound.
16:05 of 1st period - Snap shot by Michael Grabner.
16:05 of 1st period - Shot Misses the Net.
16:07 of 1st period - Wrist shot by Nathan Paetsch.
16:07 of 1st period - Shot Blocked by Drew Doughty.
16:13 of 1st period - Snap shot by John Tavares.
16:13 of 1st period - Goal by John Tavares - Stars : 2 - Kings : 1.
16:14 of 1st period - Tyler Seguin wins face-off versus Anze Kopitar in neutral zone.
16:44 of 1st period - Snap shot by Riley Cote.
16:44 of 1st period - Shot Blocked by Trevor Daley.
17:36 of 1st period - Backhand shot by Evgeny Artyukhin.
17:36 of 1st period - Shot Blocked by Hampus Lindholm.
17:46 of 1st period - Patric Hornqvist is hit by Greg Campbell and loses puck.
18:09 of 1st period - Snap shot by Scott Gomez.
18:09 of 1st period - Stopped by Pascal Leclaire with a rebound.
18:29 of 1st period - Wrist shot by Tom Pyatt.
18:29 of 1st period - Stopped by Pascal Leclaire with a rebound.
19:39 of 1st period - Wrist shot by Tyler Seguin.
19:39 of 1st period - Stopped by Frederik Andersen without a rebound.
19:40 of 1st period - Tyler Seguin wins face-off versus Anze Kopitar in Kings zone.
19:41 of 1st period - Snap shot by Jussi Jokinen.
19:41 of 1st period - Stopped by Frederik Andersen with a rebound.
19:47 of 1st period - Raphael Diaz is hit by Jussi Jokinen and loses puck.
19:56 of 1st period - Snap shot by Evgeny Artyukhin.
19:56 of 1st period - Shot Misses the Net.
Goals for this period are 2 for Stars vs 1 for Kings.
Shots for this period are 13 for Stars vs 11 for Kings.
2nd period
0:01 of 2nd period - John Tavares wins face-off versus Anze Kopitar in neutral zone.
0:31 of 2nd period - Slapshot by Simon Gagné.
0:31 of 2nd period - Stopped by Pascal Leclaire without a rebound.
0:32 of 2nd period - Michal Handzus wins face-off versus Tyler Seguin in Stars zone.
0:33 of 2nd period - Slapshot by Patrick Eaves.
0:33 of 2nd period - Stopped by Pascal Leclaire without a rebound.
0:34 of 2nd period - Michal Handzus wins face-off versus Tyler Seguin in Stars zone.
0:37 of 2nd period - Snap shot by Michal Handzus.
0:37 of 2nd period - Stopped by Pascal Leclaire without a rebound.
0:38 of 2nd period - Tyler Seguin wins face-off versus Anze Kopitar in Stars zone.
0:53 of 2nd period - Wrist shot by Johnny Gaudreau.
0:53 of 2nd period - Shot Misses the Net.
0:55 of 2nd period - Slapshot by Drew Doughty.
0:55 of 2nd period - Stopped by Pascal Leclaire without a rebound.
0:56 of 2nd period - John Tavares wins face-off versus Michael Frolik in Stars zone.
1:44 of 2nd period - Slapshot by Tom Pyatt.
1:44 of 2nd period - Shot Misses the Net.
1:46 of 2nd period - Slapshot by Steve Montador.
1:46 of 2nd period - Stopped by Pascal Leclaire without a rebound.
1:47 of 2nd period - Michael Grabner wins face-off versus Tom Pyatt in Stars zone.
2:18 of 2nd period - Snap shot by Drew Doughty.
2:18 of 2nd period - Stopped by Pascal Leclaire with a rebound.
2:53 of 2nd period - Icing by Nathan Paetsch.
2:54 of 2nd period - Tyler Seguin wins face-off versus Michal Handzus in Stars zone.
3:07 of 2nd period - Dave Tanabe is hit by Scott Hartnell and loses puck.
4:04 of 2nd period - Jamie Langenbrunner is hit by Tom Pyatt and loses puck.
4:57 of 2nd period - Wrist shot by Tyler Seguin.
4:57 of 2nd period - Shot Blocked by Radko Gudas.
4:59 of 2nd period - Wrist shot by Tyler Seguin.
4:59 of 2nd period - Stopped by Frederik Andersen without a rebound.
5:00 of 2nd period - Scott Gomez wins face-off versus Greg Campbell in Kings zone.
5:29 of 2nd period - Snap shot by John Tavares.
5:29 of 2nd period - Shot Blocked by Anze Kopitar.
5:31 of 2nd period - Snap shot by Scott Hartnell.
5:31 of 2nd period - Stopped by Frederik Andersen with a rebound.
5:33 of 2nd period - Wrist shot by Michael Grabner.
5:33 of 2nd period - Shot Blocked by Dave Tanabe.
5:35 of 2nd period - Snap shot by Michael Grabner.
5:35 of 2nd period - Shot Misses the Net.
5:37 of 2nd period - Wrist shot by John Tavares.
5:37 of 2nd period - Stopped by Frederik Andersen with a rebound.
5:39 of 2nd period - Snap shot by Nathan Paetsch.
5:39 of 2nd period - Shot Misses the Net.
5:45 of 2nd period - Minor Penalty to Johnny Gaudreau for Roughing.
5:46 of 2nd period - Anze Kopitar wins face-off versus John Tavares in Kings zone.
5:46 of 2nd period - Anze Kopitar is hit by Jussi Jokinen.
6:00 of 2nd period - Backhand shot by Brian Lee.
6:00 of 2nd period - Shot Misses the Net.
6:02 of 2nd period - Slapshot by John Tavares.
6:02 of 2nd period - Stars goal is going for a video replay.
6:02 of 2nd period - The goal is refused. The goalkeeper has been pushed into the net together with the puck after making a save..
6:03 of 2nd period - Anze Kopitar wins face-off versus John Tavares in Kings zone.
6:03 of 2nd period - Anze Kopitar is hit by Brian Lee.
6:15 of 2nd period - Slapshot by John Tavares.
6:15 of 2nd period - Stopped by Frederik Andersen with a rebound.
6:17 of 2nd period - Wrist shot by Jussi Jokinen.
6:17 of 2nd period - Shot Misses the Net.
7:45 of 2nd period - Penalty to Johnny Gaudreau is over, Johnny Gaudreau is back on ice.
8:18 of 2nd period - Snap shot by Evgeny Grachev.
8:18 of 2nd period - Stopped by Frederik Andersen without a rebound.
8:19 of 2nd period - Anze Kopitar wins face-off versus Greg Campbell in Kings zone.
8:50 of 2nd period - Snap shot by Patrick Eaves.
8:50 of 2nd period - Stopped by Pascal Leclaire without a rebound.
8:51 of 2nd period - Scott Gomez wins face-off versus John Tavares in Stars zone.
9:47 of 2nd period - Snap shot by Patrick Eaves.
9:47 of 2nd period - Stopped by Pascal Leclaire with a rebound.
10:22 of 2nd period - Slapshot by Hampus Lindholm.
10:22 of 2nd period - Stopped by Pascal Leclaire with a rebound.
10:24 of 2nd period - Snap shot by Cam Janssen.
10:24 of 2nd period - Goal by Cam Janssen - Stars : 2 - Kings : 2.
10:25 of 2nd period - Anze Kopitar wins face-off versus John Tavares in neutral zone.
10:54 of 2nd period - John Tavares is hit by Simon Gagné and loses puck.
11:09 of 2nd period - Slapshot by Scott Hartnell.
11:09 of 2nd period - Shot Misses the Net.
11:11 of 2nd period - Snap shot by John Tavares.
11:11 of 2nd period - Shot Blocked by Drew Doughty.
11:13 of 2nd period - Slapshot by Michael Grabner.
11:13 of 2nd period - Shot Misses the Net.
11:15 of 2nd period - Wrist shot by John Tavares.
11:15 of 2nd period - Shot Blocked by Simon Gagné.
11:17 of 2nd period - Slapshot by Brian Lee.
11:17 of 2nd period - Stopped by Frederik Andersen with a rebound.
11:19 of 2nd period - Slapshot by Johnny Oduya.
11:19 of 2nd period - Shot Blocked by Drew Doughty.
11:21 of 2nd period - Wrist shot by Scott Hartnell.
11:21 of 2nd period - Stopped by Frederik Andersen with a rebound.
11:23 of 2nd period - Backhand shot by Brian Lee.
11:23 of 2nd period - Deflect By John Tavares.
11:23 of 2nd period - Shot Blocked by Drew Doughty.
11:23 of 2nd period - Puck is out of play.
11:24 of 2nd period - Tyler Seguin wins face-off versus Anze Kopitar in Kings zone.
11:27 of 2nd period - Wrist shot by Evgeny Artyukhin.
11:27 of 2nd period - Deflect By Jussi Jokinen.
11:27 of 2nd period - Shot Blocked by Anze Kopitar.
11:27 of 2nd period - Puck is out of play.
11:28 of 2nd period - Anze Kopitar wins face-off versus Tyler Seguin in Kings zone.
11:28 of 2nd period - Anze Kopitar is hit by Tyler Seguin.
11:34 of 2nd period - Wrist shot by Anze Kopitar.
11:34 of 2nd period - Stopped by Pascal Leclaire with a rebound.
11:36 of 2nd period - Wrist shot by Patric Hornqvist.
11:36 of 2nd period - Stopped by Pascal Leclaire with a rebound.
11:38 of 2nd period - Snap shot by Patric Hornqvist.
11:38 of 2nd period - Stopped by Pascal Leclaire without a rebound.
11:39 of 2nd period - Tyler Seguin wins face-off versus Anze Kopitar in Stars zone.
11:48 of 2nd period - Snap shot by Patric Hornqvist.
11:48 of 2nd period - Stopped by Pascal Leclaire with a rebound.
12:06 of 2nd period - Greg Campbell is hit by Riley Cote and loses puck.
12:49 of 2nd period - Dave Tanabe is hit by Drew Fata and loses puck.
12:57 of 2nd period - Raphael Diaz is hit by Dustin Penner and loses puck.
13:15 of 2nd period - Off-side.
13:16 of 2nd period - Scott Gomez wins face-off versus John Tavares in neutral zone.
13:43 of 2nd period - Evgeny Artyukhin is hit by Radko Gudas and loses puck.
15:21 of 2nd period - Slapshot by Daniel Cleary.
15:21 of 2nd period - Shot Misses the Net.
15:29 of 2nd period - Backhand shot by Drew Doughty.
15:29 of 2nd period - Deflect By Daniel Cleary.
15:29 of 2nd period - Stopped by Pascal Leclaire without a rebound.
15:30 of 2nd period - John Tavares wins face-off versus Scott Gomez in Stars zone.
15:35 of 2nd period - John Tavares is hit by Riley Cote and loses puck.
15:56 of 2nd period - Johnny Gaudreau is hit by Evgeny Artyukhin and loses puck.
16:05 of 2nd period - Slapshot by Jussi Jokinen.
16:05 of 2nd period - Shot Misses the Net.
16:07 of 2nd period - Slapshot by Nathan Paetsch.
16:07 of 2nd period - Shot Misses the Net.
16:09 of 2nd period - Snap shot by Nathan Paetsch.
16:09 of 2nd period - Deflect By Jussi Jokinen.
16:09 of 2nd period - Shot Misses the Net.
16:09 of 2nd period - Puck is out of play.
16:10 of 2nd period - Scott Gomez wins face-off versus Greg Campbell in Kings zone.
16:10 of 2nd period - Scott Gomez is hit by Matt Cooke.
16:24 of 2nd period - Snap shot by Daniel Cleary.
16:24 of 2nd period - Stopped by Frederik Andersen without a rebound.
16:25 of 2nd period - John Tavares wins face-off versus Anze Kopitar in Kings zone.
16:54 of 2nd period - Snap shot by Daniel Cleary.
16:54 of 2nd period - Shot Misses the Net.
16:56 of 2nd period - Wrist shot by Matt Cooke.
16:56 of 2nd period - Shot Misses the Net.
16:58 of 2nd period - Slapshot by Nathan Paetsch.
16:58 of 2nd period - Shot Blocked by Steve Montador.
17:00 of 2nd period - Snap shot by Matt Cooke.
17:00 of 2nd period - Shot Misses the Net.
17:02 of 2nd period - Snap shot by Boris Valabik.
17:02 of 2nd period - Shot Blocked by Steve Montador.
17:04 of 2nd period - Slapshot by Nathan Paetsch.
17:04 of 2nd period - Stopped by Frederik Andersen without a rebound.
17:05 of 2nd period - John Tavares wins face-off versus Scott Gomez in Kings zone.
17:10 of 2nd period - Snap shot by Michael Grabner.
17:10 of 2nd period - Shot Misses the Net.
17:32 of 2nd period - Raphael Diaz is hit by Jussi Jokinen and loses puck.
18:02 of 2nd period - Slapshot by Tom Pyatt.
18:02 of 2nd period - Deflect By Cam Janssen.
18:02 of 2nd period - Shot Misses the Net.
18:02 of 2nd period - Puck is out of play.
18:03 of 2nd period - John Tavares wins face-off versus Anze Kopitar in Stars zone.
18:12 of 2nd period - Snap shot by Scott Hartnell.
18:12 of 2nd period - Deflect By Anze Kopitar.
18:12 of 2nd period - Shot Blocked by Anze Kopitar.
18:12 of 2nd period - Puck is out of play.
18:13 of 2nd period - Anze Kopitar wins face-off versus John Tavares in Kings zone.
18:28 of 2nd period - Wrist shot by John Tavares.
18:28 of 2nd period - Stopped by Frederik Andersen with a rebound.
18:30 of 2nd period - Wrist shot by Scott Hartnell.
18:30 of 2nd period - Shot Misses the Net.
18:32 of 2nd period - Slapshot by Trevor Daley.
18:32 of 2nd period - Stopped by Frederik Andersen with a rebound.
18:34 of 2nd period - Slapshot by Trevor Daley.
18:34 of 2nd period - Stopped by Frederik Andersen with a rebound.
18:36 of 2nd period - Backhand shot by Drew Fata.
18:36 of 2nd period - Stopped by Frederik Andersen with a rebound.
18:38 of 2nd period - Snap shot by Michael Grabner.
18:38 of 2nd period - Shot Blocked by Drew Doughty.
18:40 of 2nd period - Slapshot by Trevor Daley.
18:40 of 2nd period - Stopped by Frederik Andersen with a rebound.
18:42 of 2nd period - Backhand shot by Michael Grabner.
18:42 of 2nd period - Goal by Michael Grabner - Stars : 3 - Kings : 2.
18:43 of 2nd period - John Tavares wins face-off versus Anze Kopitar in neutral zone.
18:57 of 2nd period - Minor Penalty to Patric Hornqvist for Hooking.
18:58 of 2nd period - Anze Kopitar wins face-off versus John Tavares in Kings zone.
19:08 of 2nd period - Slapshot by Brian Lee.
19:08 of 2nd period - Shot Misses the Net.
Goals for this period are 1 for Stars vs 1 for Kings.
Shots for this period are 16 for Stars vs 15 for Kings.
3rd period
0:01 of 3rd period - Anze Kopitar wins face-off versus John Tavares in neutral zone.
0:05 of 3rd period - Off-side.
0:06 of 3rd period - John Tavares wins face-off versus Anze Kopitar in neutral zone.
0:23 of 3rd period - Snap shot by John Tavares.
0:23 of 3rd period - Shot Blocked by Simon Gagné.
0:35 of 3rd period - Slapshot by Johnny Oduya.
0:35 of 3rd period - Goal by Johnny Oduya - Stars : 4 - Kings : 2.
0:36 of 3rd period - John Tavares wins face-off versus Scott Gomez in neutral zone.
0:39 of 3rd period - Drew Doughty is hit by John Tavares.
1:12 of 3rd period - Slapshot by Drew Doughty.
1:12 of 3rd period - Shot Blocked by Tyler Seguin.
1:14 of 3rd period - Snap shot by Anze Kopitar.
1:14 of 3rd period - Shot Misses the Net.
1:29 of 3rd period - Icing by Dave Tanabe.
1:30 of 3rd period - Michal Handzus wins face-off versus John Tavares in Kings zone.
1:57 of 3rd period - Slapshot by Dave Tanabe.
1:57 of 3rd period - Stopped by Pascal Leclaire with a rebound.
2:49 of 3rd period - Off-side.
2:50 of 3rd period - John Tavares wins face-off versus Anze Kopitar in neutral zone.
3:16 of 3rd period - Tyler Seguin is hit by Drew Doughty and loses puck.
3:46 of 3rd period - Wrist shot by Michael Haley.
3:46 of 3rd period - Shot Blocked by Brian Lee.
4:55 of 3rd period - Jussi Jokinen is hit by Patric Hornqvist.
5:01 of 3rd period - Trevor Daley is hit by Steve Montador and loses puck.
5:12 of 3rd period - Raphael Diaz is hit by Drew Fata and loses puck.
5:38 of 3rd period - Michal Handzus is hit by Greg Campbell and loses puck.
5:47 of 3rd period - Snap shot by Daniel Cleary.
5:47 of 3rd period - Shot Misses the Net.
5:49 of 3rd period - Slapshot by Trevor Daley.
5:49 of 3rd period - Shot Misses the Net.
6:50 of 3rd period - Michael Grabner is hit by Steve Montador and loses puck.
7:10 of 3rd period - Johnny Oduya is hit by Dave Tanabe and loses puck.
7:37 of 3rd period - Raphael Diaz is hit by Boris Valabik and loses puck.
8:14 of 3rd period - Slapshot by Patric Hornqvist.
8:14 of 3rd period - Shot Blocked by Tyler Seguin.
8:33 of 3rd period - Radko Gudas is hit by Dustin Penner and loses puck.
9:21 of 3rd period - Minor Penalty to Nathan Paetsch for Hooking.
9:22 of 3rd period - Greg Campbell wins face-off versus Anze Kopitar in Stars zone.
9:22 of 3rd period - Greg Campbell is hit by Johnny Gaudreau.
11:08 of 3rd period - Scott Gomez is hit by Boris Valabik and loses puck.
11:13 of 3rd period - Snap shot by John Tavares.
11:13 of 3rd period - Stopped by Frederik Andersen without a rebound.
11:14 of 3rd period - Anze Kopitar wins face-off versus Greg Campbell in Kings zone.
11:21 of 3rd period - Penalty to Nathan Paetsch is over, Nathan Paetsch is back on ice.
11:32 of 3rd period - Snap shot by Raphael Diaz.
11:32 of 3rd period - Shot Misses the Net.
11:34 of 3rd period - Snap shot by Hampus Lindholm.
11:34 of 3rd period - Shot Misses the Net.
11:36 of 3rd period - Slapshot by Raphael Diaz.
11:36 of 3rd period - Shot Misses the Net.
11:38 of 3rd period - Wrist shot by Raphael Diaz.
11:38 of 3rd period - Stopped by Pascal Leclaire without a rebound.
11:39 of 3rd period - Evgeny Grachev wins face-off versus Tom Pyatt in Stars zone.
11:50 of 3rd period - Snap shot by Dustin Penner.
11:50 of 3rd period - Shot Misses the Net.
11:52 of 3rd period - Slapshot by Jamie Langenbrunner.
11:52 of 3rd period - Stopped by Frederik Andersen with a rebound.
12:07 of 3rd period - Evgeny Artyukhin is hit by Anze Kopitar and loses puck.
12:14 of 3rd period - Slapshot by Patric Hornqvist.
12:14 of 3rd period - Stopped by Pascal Leclaire with a rebound.
12:16 of 3rd period - Slapshot by Raphael Diaz.
12:16 of 3rd period - Stopped by Pascal Leclaire without a rebound.
12:17 of 3rd period - Scott Gomez wins face-off versus John Tavares in Stars zone.
12:22 of 3rd period - Slapshot by Michael Frolik.
12:22 of 3rd period - Shot Blocked by Brian Lee.
12:24 of 3rd period - Snap shot by Michael Frolik.
12:24 of 3rd period - Stopped by Pascal Leclaire without a rebound.
12:25 of 3rd period - John Tavares wins face-off versus Scott Gomez in Stars zone.
12:30 of 3rd period - Slapshot by Brian Lee.
12:30 of 3rd period - Stopped by Frederik Andersen with a rebound.
12:38 of 3rd period - Slapshot by Drew Doughty.
12:38 of 3rd period - Shot Blocked by Michael Grabner.
12:40 of 3rd period - Snap shot by Scott Gomez.
12:40 of 3rd period - Shot Blocked by Johnny Oduya.
13:17 of 3rd period - Off-side.
13:18 of 3rd period - Greg Campbell wins face-off versus Scott Gomez in neutral zone.
13:43 of 3rd period - Greg Campbell is hit by Simon Gagné and loses puck.
14:10 of 3rd period - Slapshot by Greg Campbell.
14:10 of 3rd period - Deflect By Daniel Cleary.
14:10 of 3rd period - Shot Misses the Net.
14:10 of 3rd period - Puck is out of play.
14:11 of 3rd period - John Tavares wins face-off versus Anze Kopitar in Kings zone.
14:38 of 3rd period - Jussi Jokinen is hit by Michael Frolik and loses puck.
14:53 of 3rd period - Johnny Oduya is hit by Dave Tanabe and loses puck.
15:30 of 3rd period - Wrist shot by Michael Grabner.
15:30 of 3rd period - Stopped by Frederik Andersen with a rebound.
15:32 of 3rd period - Snap shot by Scott Hartnell.
15:32 of 3rd period - Stopped by Frederik Andersen with a rebound.
16:44 of 3rd period - Radko Gudas is hit by Boris Valabik and loses puck.
16:55 of 3rd period - Snap shot by Anze Kopitar.
16:55 of 3rd period - Stopped by Pascal Leclaire with a rebound.
16:57 of 3rd period - Snap shot by Johnny Gaudreau.
16:57 of 3rd period - Deflect By Daniel Cleary.
16:57 of 3rd period - Shot Misses the Net.
16:57 of 3rd period - Puck is out of play.
16:58 of 3rd period - Greg Campbell wins face-off versus Scott Gomez in Stars zone.
17:13 of 3rd period - Slapshot by Scott Gomez.
17:13 of 3rd period - Shot Hit the Post.
17:47 of 3rd period - Slapshot by Nathan Paetsch.
17:47 of 3rd period - Shot Blocked by Steve Montador.
17:53 of 3rd period - Slapshot by Matt Cooke.
17:53 of 3rd period - Deflect By Daniel Cleary.
17:53 of 3rd period - Shot Misses the Net.
17:53 of 3rd period - Puck is out of play.
17:54 of 3rd period - John Tavares wins face-off versus Anze Kopitar in Kings zone.
18:09 of 3rd period - Snap shot by Anze Kopitar.
18:09 of 3rd period - Stopped by Pascal Leclaire without a rebound.
18:10 of 3rd period - Evgeny Grachev wins face-off versus Michal Handzus in Stars zone.
18:57 of 3rd period - Michael Grabner is hit by Dave Tanabe and loses puck.
Goals for this period are 1 for Stars vs 0 for Kings.
Shots for this period are 6 for Stars vs 7 for Kings.
Back to the Top